 Dungeon Crawl Stone Soup version 0.23.2-40-g277498a001 (webtiles) character file.

Game seed: 9110615685755869889

224 Baz the Insei (level 6, -3/37 HPs)
             Began as a Gnoll Transmuter on Aug 18, 2019.
             Killed by nerve-wracking pain
             ... invoked by Grinder
              (8 damage)
             ... on level 3 of the Dungeon.
             The game lasted 00:03:54 (3207 turns).

Baz the Insei (Gnoll Transmuter)                    Turns: 3207, Time: 00:03:55

Health: -3/37      AC:  2    Str: 15    XL:     6   Next: 0%
Magic:  13/13      EV: 14    Int: 19    God:
Gold:   136        SH:  0    Dex: 17    Spells: 9/15 levels left

rFire    . . .     SeeInvis .     - Unarmed
rCold    . . .     Gourm    .   (no shield)
rNeg     . . .     Faith    .   b - +0 robe
rPois    .         Spirit   .   (no helmet)
rElec    .         Reflect  .   (no cloak)
rCorr    .         Harm     .   (no gloves)
MR       .....                  (no boots)
Stlth    +++.......             (no amulet)
HPRegen  0.12/turn              k - +4 ring of intelligence
MPRegen  0.13/turn              q - ring of stealth

@: heavily drained
A: distributed training, fangs 1, agile 1, frail 2, strong nose
a: no special abilities


You were on level 3 of the Dungeon.
You were near starving.

You visited 1 branch of the dungeon, and saw 3 of its levels.

You collected 136 gold pieces.

Inventory:

Missiles
 a - 95 arrows
 c - 169 stones (quivered)
Armour
 b - a +0 robe (worn)
Jewellery
 k - a +4 ring of intelligence (left hand)
 n - an uncursed amulet of harm
 q - a ring of stealth (right hand)
Scrolls
 e - 4 scrolls of identify {unknown}
 f - a scroll of immolation {unknown}
 g - 2 scrolls of amnesia {unknown}
 i - 3 scrolls of teleportation {unknown}
 m - 2 scrolls of fear {unknown}
 o - a scroll of enchant armour {unknown}
Potions
 l - a potion of lignification {unknown}
 p - a potion of curing {unknown}
Comestibles
 d - 7 rations


   Skills:
 + Level 3.1(1.7) Fighting
 + Level 1.6(0.4) Short Blades
 + Level 1.6(0.4) Long Blades
 + Level 1.6(0.4) Axes
 + Level 1.6(0.4) Maces & Flails
 + Level 1.6(0.4) Polearms
 + Level 1.6(0.4) Staves
 + Level 1.6(0.4) Slings
 + Level 1.6(0.4) Bows
 + Level 1.6(0.4) Crossbows
 + Level 1.6(0.4) Throwing
 + Level 1.6(0.4) Armour
 + Level 4.8(3.5) Dodging
 + Level 1.6(0.4) Stealth
 + Level 1.6(0.4) Shields
 + Level 6.7(5.3) Unarmed Combat
 + Level 5.2(3.8) Spellcasting
 + Level 1.3(0.1) Conjurations
 + Level 1.3(0.1) Hexes
 + Level 1.3(0.1) Charms
 + Level 1.3(0.1) Summonings
 + Level 1.3(0.1) Necromancy
 + Level 1.3(0.1) Translocations
 + Level 4.0(2.7) Transmutations
 + Level 1.3(0.1) Fire Magic
 + Level 1.3(0.1) Ice Magic
 + Level 1.3(0.1) Air Magic
 + Level 1.3(0.1) Earth Magic
 + Level 1.3(0.1) Poison Magic
 + Level 1.9(0.6) Invocations
 + Level 1.6(0.4) Evocations


You had 9 spell levels left.
You knew the following spells:

 Your Spells              Type           Power        Failure   Level  Hunger
a - Beastly Appendage     Tmut           ##....       4%          1    None
b - Sticks to Snakes      Tmut           ##......     7%          2    ##.....
c - Spider Form           Tmut/Pois      #.........   24%         3    ###....

Your spell library contained the following spells:

 Spells                   Type           Power        Failure   Level  Hunger
 Ice Form                 Ice/Tmut       #.......     61%         4    ####...
 Blade Hands              Tmut           ##........   77%         5    ######.


Dungeon Overview and Level Annotations

Branches:
Dungeon (3/15)

Altars:
Makhleb

Annotations:
D:3 Grinder


Innate Abilities, Weirdness & Mutations

Your experience applies equally to all skills.
You have very sharp teeth.
Your uncanny sense of smell can sniff out nearby items.
You are agile. (Dex +2)
You are very frail. (-20% HP)


Message History

Grinder is moderately wounded.
Grinder says, "You look like you could use a good racking."
Grinder gestures at you. Pain shoots through your body!
You closely miss Grinder.
Grinder is moderately wounded.
Grinder closely misses you.
You hit Grinder. Your bite misses Grinder.
Grinder is moderately wounded.
Grinder hits you!
* * * LOW HITPOINT WARNING * * *
You writhe in agony.
* * * LOW HITPOINT WARNING * * *
It was a potion of cancellation.
You feel magically purged. Grinder hits you.
* * * LOW HITPOINT WARNING * * *
It was a potion of mutation.
You feel extremely strange.
You feel frail. x2; You feel agile. Grinder gestures at you.
Pain shoots through your body!
You die...

##...##.# ##
####.≈.≈.#.#######. #.
#..#≈≈.≈≈#.<....#.. #...
#.##≈≈_≈≈######.#.. #..[#
#.##≈#∩#≈# #.#..
#...######.#############.#..
#...#......########.........
#...#.####.......##........#
#..........@5....##........#
###........................#
####..†..........#..........#
#.....>..........+...........
#...........######..........#
#...........######..........#
#..............[.............
#.........############.....##
#.....[.).# #########.....+.


You could see Grinder.

Vanquished Creatures
  A crimson imp (D:3)
  2 orc wizards (D:3)
  An iguana (D:3)
  3 adders
  An ooze (D:3)
  2 worms (D:2)
  A dart slug (D:1)
  2 leopard geckos
  3 orcs (D:3)
  2 giant cockroaches (D:2)
  8 goblins
  8 hobgoblins
  8 kobolds
  A quokka (D:2)
  3 ball pythons
  9 bats
  6 frilled lizards
  5 rats
66 creatures vanquished.

Notes
Turn   | Place    | Note
-------+----------+-------------------------------------------
     0 | D:1      | Baz the Gnoll Transmuter began the quest for the Orb.
     0 | D:1      | Reached XP level 1. HP: 17/17 MP: 6/6
   215 | D:1      | Reached XP level 2. HP: 18/23 MP: 7/7
   903 | D:1      | Reached XP level 3. HP: 21/28 MP: 9/9
   999 | D:1      | Reached skill level 5 in Spellcasting
  1010 | D:1      | Learned a level 2 spell: Sticks to Snakes
  1014 | D:1      | Learned a level 3 spell: Spider Form
  1651 | D:2      | Reached skill level 1 in Invocations
  1790 | D:2      | Reached skill level 1 in Short Blades
  1790 | D:2      | Reached skill level 1 in Long Blades
  1790 | D:2      | Reached skill level 1 in Axes
  1790 | D:2      | Reached skill level 1 in Maces & Flails
  1790 | D:2      | Reached skill level 1 in Polearms
  1790 | D:2      | Reached skill level 1 in Staves
  1790 | D:2      | Reached skill level 1 in Slings
  1790 | D:2      | Reached skill level 1 in Bows
  1790 | D:2      | Reached skill level 1 in Crossbows
  1790 | D:2      | Reached skill level 1 in Throwing
  1790 | D:2      | Reached skill level 1 in Armour
  1790 | D:2      | Reached skill level 1 in Stealth
  1790 | D:2      | Reached skill level 1 in Shields
  1790 | D:2      | Reached skill level 1 in Evocations
  1790 | D:2      | Reached XP level 4. HP: 22/34 MP: 9/11
  2430 | D:3      | Reached skill level 1 in Conjurations
  2430 | D:3      | Reached skill level 1 in Hexes
  2430 | D:3      | Reached skill level 1 in Charms
  2430 | D:3      | Reached skill level 1 in Summonings
  2430 | D:3      | Reached skill level 1 in Necromancy
  2430 | D:3      | Reached skill level 1 in Translocations
  2430 | D:3      | Reached skill level 1 in Fire Magic
  2430 | D:3      | Reached skill level 1 in Ice Magic
  2430 | D:3      | Reached skill level 1 in Air Magic
  2430 | D:3      | Reached skill level 1 in Earth Magic
  2430 | D:3      | Reached skill level 1 in Poison Magic
  2492 | D:3      | Reached XP level 5. HP: 32/40 MP: 5/12
  2786 | D:3      | Found a burning altar of Makhleb.
  3176 | D:3      | Reached XP level 6. HP: 45/47 MP: 13/13
  3181 | D:3      | Noticed Grinder
  3207 | D:3      | Gained mutation: You are frail. (-10% HP) [potion of
                  | mutation]
  3207 | D:3      | Gained mutation: You are very frail. (-20% HP) [potion of
                  | mutation]
  3207 | D:3      | Gained mutation: You are agile. (Dex +2) [potion of
                  | mutation]
  3207 | D:3      | Killed from afar by Grinder

Skill      XL: |  1  2  3  4  5 |
---------------+----------------+-----
Spellcasting   | 5 |  5.2
Invocations    | 1 |  1.9
Short Blades   | 1 |  1.6
Long Blades    | 1 |  1.6
Axes           | 1 |  1.6
Maces & Flails | 1 |  1.6
Polearms       | 1 |  1.6
Staves         | 1 |  1.6
Slings         | 1 |  1.6
Bows           | 1 |  1.6
Crossbows      | 1 |  1.6
Throwing       | 1 |  1.6
Armour         | 1 |  1.6
Stealth        | 1 |  1.6
Shields        | 1 |  1.6
Evocations     | 1 |  1.6
Conjurations   | 1 |  1.3
Hexes          | 1 |  1.3
Charms         | 1 |  1.3
Summonings     | 1 |  1.3
Necromancy     | 1 |  1.3
Translocations | 1 |  1.3
Fire Magic     | 1 |  1.3
Ice Magic      | 1 |  1.3
Air Magic      | 1 |  1.3
Earth Magic    | 1 |  1.3
Poison Magic   | 1 |  1.3
Fighting       | 3 |  3.1
Transmutations | 4 |  4.0
Dodging        | |  4.8
Unarmed Combat | |  6.7

Action                   |  1- 3 |  4- 6 || total
-------------------------+-------+-------++-------
Melee: Unarmed           |   101 |   103 ||   204
       Bite              |    14 |     7 ||    21
       Headbutt          |     1 |       ||     1
       Punch             |     3 |     3 ||     6
       Kick              |     2 |     4 ||     6
 Cast: Beastly Appendage |     3 |     3 ||     6
       Spider Form       |       |     3 ||     3
  Use: Potion            |       |     2 ||     2
 Stab: Sleeping          |     1 |       ||     1
       Distracted        |     1 |       ||     1
  Eat: Chunk             |     3 |     3 ||     6
Armor: Robe              |    19 |     8 ||    27
Dodge: Dodged            |    71 |    68 ||   139
